 Dungeon Crawl Stone Soup version 0.23.0 (webtiles) character file.

Game seed: 10291853827413683890

11221 Majang the Cleaver (level 11, -4/148 HPs)
             Began as a Minotaur Berserker on Feb 11, 2019.
             Was a High Priest of Trog.
             Slain by a white ugly thing (32 damage)
             ... on level 10 of the Dungeon on Feb 12, 2019.
             The game lasted 00:50:02 (10644 turns).

Majang the Cleaver (Minotaur Berserker)            Turns: 10644, Time: 00:50:04

Health: -4/148     AC: 16    Str: 30    XL:     11   Next: 46%
Magic:  13/13      EV: 11    Int:  4    God:    Trog [*****.]
Gold:   687        SH:  0    Dex: 10    Spells: 10/10 levels left

rFire    + . .     SeeInvis .   j - +3 battleaxe (protect)
rCold    . . .     Gourm    .   (shield currently unavailable)
rNeg     + . .     Faith    .   N - +0 plate armour
rPois    .         Spirit   .   d - +2 hat
rElec    .         Reflect  .   (no cloak)
rCorr    .         Harm     .   (no gloves)
MR       .....                  (no boots)
Stlth    ..........             (no amulet)
HPRegen  0.34/turn              E - ring of positive energy
MPRegen  0.13/turn              G - ring of protection from fire

@: berserking, very quick
A: retaliatory headbutt, horns 2
a: Berserk, Trog's Hand, Brothers in Arms, Renounce Religion


You were on level 10 of the Dungeon.
You worshipped Trog.
Trog was extremely pleased with you.
You were near starving.

You visited 2 branches of the dungeon, and saw 13 of its levels.
You also visited: Sewer.

You collected 687 gold pieces.

Inventory:

Hand Weapons
 a - a +1 war axe of venom
 j - a +3 battleaxe of protection (weapon)
 k - a cursed -1 hunting sling
 O - a +0 war axe
 S - a +1 battleaxe
 U - a cursed +5 mace
Missiles
 m - 3 javelins
 o - a throwing net (quivered)
 y - 5 tomahawks
 P - 25 sling bullets
Armour
 d - a +2 hat (worn)
 N - a +0 plate armour (worn)
Jewellery
 l - an uncursed ring of stealth {unknown}
 n - a +4 ring of strength {unknown}
 E - a ring of positive energy (left hand)
 G - a ring of protection from fire (right hand)
 M - an uncursed ring of ice
 Q - an uncursed ring of fire
 V - an uncursed amulet of rage {unknown}
 W - a cursed ring of teleportation {unknown}
Wands
 R - a wand of flame (29)
 T - a wand of iceblast (8)
Scrolls
 b - a scroll of identify
 h - 3 scrolls of blinking
 r - 3 scrolls of teleportation
 u - a scroll of fog
 w - 2 scrolls of amnesia
 J - 2 scrolls of enchant armour
Potions
 e - 2 potions of brilliance {unknown}
 f - a potion of ambrosia {unknown}
 g - a potion of curing
 p - a potion of cancellation {unknown}
 q - 2 potions of haste {unknown}
 t - 2 potions of berserk rage {unknown}
 z - 3 potions of heal wounds
 A - 4 potions of flight
 B - a potion of invisibility {unknown}
 C - a potion of degeneration {unknown}
 F - a potion of lignification {unknown}
 K - 2 potions of resistance
Comestibles
 c - 20 rations


   Skills:
 + Level 10.0 Fighting
 * Level 13.4 Axes
 + Level 9.7 Armour
 + Level 8.8 Dodging
 + Level 4.6 Evocations


You had 10 spell levels left.
You didn't know any spells.
Your spell library was empty.

Dungeon Overview and Level Annotations

Branches:
Dungeon (12/15)            Temple (1/1) D:4            Lair (0/6) D:10
    Orc: D:9-12

Altars:
Ashenzari
Cheibriados
Dithmenos
Elyvilon
Fedhas
Gozag
Hepliaklqana
Kikubaaqudgha
Makhleb
Nemelex Xobeh
Okawaru
Qazlal
Ru
Sif Muna
Trog
Uskayaw
Vehumet
Wu Jian
Xom
Yredelemnul
Zin
The Shining One

Shops:
D:7 }

Annotations:
D:10 2 transporters, Starbucks's ghost, journeyman DsFi


Innate Abilities, Weirdness & Mutations

You reflexively headbutt those who attack you in melee.
You have a pair of horns on your head.


Message History

The white ugly thing is lightly wounded.
The white ugly thing barely misses you. You furiously retaliate!
You headbutt the white ugly thing, but do no damage.
The white ugly thing barely misses you. You furiously retaliate!
You headbutt the white ugly thing.
Your plate armour prevents you from hitting the white ugly thing.
The white ugly thing is lightly wounded.
The white ugly thing stings you! The white ugly thing freezes you!
* * * LOW HITPOINT WARNING * * *
Your plate armour prevents you from hitting the white ugly thing.
The white ugly thing is lightly wounded.
The white ugly thing barely misses you. You furiously retaliate!
You headbutt the white ugly thing.
A red film seems to cover your vision as you go berserk!
You feel yourself moving faster!
You feel mighty!
You are near starving!
The white ugly thing stings you!
* * * LOW HITPOINT WARNING * * *
The white ugly thing freezes you!!
You die...

#...# #................ #...#
#................ #...#
#................ #...#
##................ #...#
#................. #...#
#........####.#'##
#...#######.................
######....................###....
................@......#...≈...#.
...............u.....<#..#...#..#
.......(..............#.##P..##.#
.###.########.........#..PPPP...#
.#.#†#......#.........#≈.PP>P..≈#
.#.#.#......'.........#...PPP...#
.#.###......########..#.##..P##.#
.#.................#..#..#...#..#
.####.....)(.......#...#...≈...#.


You could see a white ugly thing.

Vanquished Creatures
  3 two-headed ogres
  A wizard (D:12)
  Pikel (D:6)
  An ugly thing (D:12)
  A manticore (D:11)
  A komodo dragon (D:12)
  2 hippogriffs
  A vampire (D:11)
  A wyvern (D:9)
  2 shadows
  6 yaks
  A hungry ghost (D:8)
  Menkaure (D:6)
  A soldier ant (D:8)
  6 orc warriors
  4 sky beasts
  2 ice beasts
  A slave (D:6)
  An eye of draining (D:9)
  A phantom (D:8)
  4 ogres
  2 crocodiles
  2 centaurs (D:9)
  3 big kobolds
  4 bullfrogs
  7 scorpions
  12 killer bees
  3 wights (D:8)
  A howler monkey (D:6)
  4 crimson imps
  A quasit (D:8)
  2 jellies
  3 bullfrog skeletons
  6 orc priests
  2 centaur skeletons
  5 hounds
  Terence (D:3)
  4 iguanas
  Natasha (thrice) (D:3)
  12 orc wizards
  3 worker ants
  A hound zombie (D:8)
  A worker ant zombie (D:9)
  A howler monkey zombie (D:5)
  11 adders
  3 gnolls (D:5)
  3 shadow imps
  An ooze (D:3)
  An adder zombie (D:9)
  2 worms
  2 dart slugs
  4 leopard geckos
  25 orcs
  2 ball pythons
  3 giant cockroaches
  4 goblins
  11 hobgoblins
  8 jackals
  25 kobolds
  3 quokkas
  11 bats
  13 frilled lizards
  A giant cockroach zombie (D:6)
  5 rats
263 creatures vanquished.

Vanquished Creatures (others)
  A slave (D:6)
  An orc (D:9)
2 creatures vanquished.

Grand Total: 265 creatures vanquished

Notes
Turn   | Place    | Note
-------+----------+-------------------------------------------
     0 | D:1      | Majang the Minotaur Berserker began the quest for the Orb.
     0 | D:1      | Reached XP level 1. HP: 19/19 MP: 0/0
   314 | D:1      | Reached XP level 2. HP: 26/27 MP: 1/1
   331 | D:1      | Reached skill level 4 in Axes
   814 | D:1      | Reached XP level 3. HP: 33/33 MP: 2/2
  1409 | D:2      | Reached ** piety under Trog
  1415 | D:2      | Found a shattered altar of Ashenzari.
  1693 | D:2      | Found a basalt altar of Yredelemnul.
  1705 | D:2      | Found a shimmering altar of Xom.
  1705 | D:2      | Found a basalt altar of Yredelemnul.
  1707 | D:2      | Found a shimmering altar of Xom.
  1707 | D:2      | Found a shadowy altar of Dithmenos.
  1707 | D:2      | Found a shimmering altar of Xom.
  1826 | D:3      | Noticed Natasha
  1836 | D:3      | Killed Natasha
  1836 | D:3      | Reached XP level 4. HP: 17/40 MP: 3/3
  2055 | D:3      | Found a stormy altar of Qazlal.
  2113 | D:3      | Noticed Natasha
  2119 | D:3      | Killed Natasha
  2164 | D:3      | Reached skill level 5 in Axes
  2164 | D:3      | Reached XP level 5. HP: 43/47 MP: 4/4
  2423 | D:3      | Noticed Natasha
  2428 | D:3      | Killed Natasha
  3240 | D:3      | Noticed Terence
  3244 | D:3      | Killed Terence
  3509 | D:4      | Reached XP level 6. HP: 48/55 MP: 5/5
  3566 | D:4      | Reached skill level 6 in Axes
  3574 | D:4      | Reached skill level 5 in Fighting
  3579 | D:4      | Reached *** piety under Trog
  3751 | D:4      | Found a staircase to the Ecumenical Temple.
  4582 | D:5      | Entered Level 5 of the Dungeon
  4584 | D:5      | Reached XP level 7. HP: 61/61 MP: 6/6
  4644 | D:5      | Reached skill level 7 in Axes
  4673 | D:5      | Found a glowing drain.
  4684 | Sewer    | Entered a sewer
  4757 | Sewer    | Reached skill level 5 in Armour
  5034 | D:5      | Found an iron altar of Okawaru.
  5078 | D:5      | Found a shimmering altar of Xom.
  5083 | D:5      | Found a basalt altar of Yredelemnul.
  5461 | D:5      | Reached skill level 5 in Dodging
  5461 | D:5      | Reached XP level 8. HP: 66/70 MP: 7/7
  5495 | Temple   | Entered the Ecumenical Temple
  5639 | D:5      | Reached skill level 8 in Axes
  5987 | D:6      | Noticed Pikel
  5999 | D:6      | Killed Pikel
  5999 | D:6      | Reached skill level 9 in Axes
  6198 | D:6      | Found a hide-covered altar of Uskayaw.
  6349 | D:6      | Noticed Menkaure
  6356 | D:6      | Killed Menkaure
  6753 | D:7      | Reached XP level 9. HP: 77/79 MP: 8/8
  6917 | D:7      | Found Ucvazug's Gadget Shoppe.
  7042 | D:7      | Reached skill level 10 in Axes
  7358 | D:8      | Found a snail-covered altar of Cheibriados.
  7389 | D:8      | Found an ancient bone altar of Kikubaaqudgha.
  7389 | D:8      | Found an ornate altar of the Wu Jian Council.
  7420 | D:8      | Found a hazy altar of Hepliaklqana.
  7743 | D:8      | Reached **** piety under Trog
  7812 | D:8      | Reached skill level 11 in Axes
  7812 | D:8      | Reached skill level 1 in Evocations
  7884 | D:8      | Found a radiant altar of Vehumet.
  7888 | D:8      | Found an opulent altar of Gozag.
  8091 | D:8      | Reached XP level 10. HP: 79/90 MP: 10/10
  8358 | D:9      | Found a shadowy altar of Dithmenos.
  8388 | D:9      | You fall through a shaft for 3 floors!
  8389 | D:12     | Noticed a brown ugly thing
  8399 | D:12     | Killed a brown ugly thing
  8697 | D:12     | Noticed a two-headed ogre
  8705 | D:12     | Killed a two-headed ogre
  8705 | D:12     | Reached skill level 12 in Axes
  8747 | D:12     | Noticed a wizard
  8764 | D:12     | Killed a wizard
  9072 | D:11     | Noticed a manticore
  9088 | D:11     | Killed a manticore
  9088 | D:11     | Reached XP level 11. HP: 66/97 MP: 12/12
  9355 | D:10     | Entered Level 10 of the Dungeon
  9360 | D:10     | Reached ***** piety under Trog
  9387 | D:10     | Noticed a two-headed ogre
  9398 | D:10     | Killed a two-headed ogre
  9398 | D:10     | Reached skill level 13 in Axes
  9412 | D:10     | Found a transporter.
  9413 | D:10     | Noticed Starbucks's ghost (journeyman DsFi)
  9415 | D:10     | Found a transporter.
  9473 | D:10     | Found a staircase to the Lair.
  9487 | D:9      | Received a gift from Trog
 10104 | D:10     | Noticed a two-headed ogre
 10111 | D:10     | Killed a two-headed ogre
 10111 | D:10     | Reached skill level 10 in Fighting
 10633 | D:11     | Noticed a white ugly thing
 10644 | D:10     | Slain by a white ugly thing

Skill      XL: |  1  2  3  4  5  6  7  8  9 10 11 |
---------------+----------------------------------+-----
Axes           | 4 5 6 7 9 11 12 13 | 13.4
Fighting       | 4 5 6 7 8 9 10 | 10.0
Armour         | 3 4 5 6 8 9 |  9.7
Dodging        | 3 4 5 6 7 8 |  8.8
Evocations     | 1 3 4 |  4.6

Action                   |  1- 3 |  4- 6 |  7- 9 | 10-12 || total
-------------------------+-------+-------+-------+-------++-------
Melee: Hand axe          |   102 |    97 |    41 |       ||   240
       Headbutt          |    18 |    22 |    47 |    49 ||   136
       War axe           |       |       |   243 |   167 ||   410
       Battleaxe         |       |       |       |    77 ||    77
Throw: Stone             |     1 |       |       |     1 ||     2
       Javelin           |       |     2 |    12 |     6 ||    20
       Throwing net      |       |       |       |     1 ||     1
Invok: Berserk           |     3 |     1 |     8 |     4 ||    16
       Trog's Hand       |     1 |     3 |     1 |     1 ||     6
Evoke: Wand              |       |       |     1 |       ||     1
  Use: Scroll            |       |       |     9 |    14 ||    23
       Potion            |       |       |     2 |     2 ||     4
 Stab: Sleeping          |     1 |       |       |       ||     1
  Eat: Chunk             |     5 |    11 |    18 |     4 ||    38
       Ration            |       |       |     1 |     2 ||     3
Armor: Animal skin       |     7 |       |       |       ||     7
       Robe              |    16 |       |       |       ||    16
       Scale mail        |     5 |    56 |    27 |       ||    88
       Chain mail        |       |       |    21 |       ||    21
       Plate armour      |       |       |    95 |   122 ||   217
Dodge: Dodged            |    48 |    44 |   136 |   113 ||   341
